 Dungeon Crawl Stone Soup version 0.29-a0-982-gaed3a0c8d8 (webtiles) character file.

Game seed: 5883855582767648110

276 leavemydog the Chopper (level 6, -1/53 HPs)
             Began as a Hill Orc Fighter on Aug 1, 2022.
             Killed from afar by an orc wizard (6 damage)
             ... with a magic dart
             ... on level 4 of the Dungeon.
             The game lasted 00:04:21 (3465 turns).

leavemydog the Chopper (Hill Orc Fighter)           Turns: 3465, Time: 00:04:22

Health: -1/53      AC:  8    Str: 21    XL:     6   Next: 25%
Magic:  6/6        EV: 13    Int:  8    God:
Gold:   180        SH:  0    Dex: 10    Spells: 5/5 levels left

rFire   . . .      SeeInvis .   a - +0 war axe
rCold   . . .      Faith    .   c - +0 buckler
rNeg    . . .      Spirit   .   b - +0 scale mail
rPois   .          Reflect  .   (no helmet)
rElec   .          Harm     .   (no cloak)
rCorr   .          Rampage  .   (no gloves)
Will    .....                   j - +0 pair of boots
Stlth   ..........              (no amulet)
HPRegen 0.17/turn               o - +4 ring of evasion
MPRegen 0.10/turn               (no ring)

@: confused, mighty
A: no striking features
a: no special abilities


You were on level 4 of the Dungeon.
You visited 1 branch of the dungeon, and saw 4 of its levels.

You collected 180 gold pieces.

Inventory:

Hand Weapons
 a - a +0 war axe (weapon)
Armour
 b - a +0 scale mail (worn)
 c - a +0 buckler (worn)
 j - a +0 pair of boots (worn)
Jewellery
 o - a +4 ring of evasion (left hand)
Wands
 p - a wand of polymorph (11)
 u - a wand of iceblast (9)
Scrolls
 f - a scroll of summoning {unknown}
 g - a scroll of enchant weapon {unknown}
 k - a scroll of teleportation {unknown}
 l - a scroll of vulnerability {unknown}
 m - a scroll of fear {unknown}
 n - 2 scrolls of immolation {unknown}
 q - a scroll of silence {unknown}
 r - a scroll of identify
 t - a scroll of amnesia {unknown}
 w - a scroll of noise {unknown}
Potions
 d - a potion of might
 e - a potion of brilliance {unknown}
 h - a potion of haste
 i - a potion of resistance
 s - a potion of curing {unknown}
 v - a potion of lignification {unknown}


   Skills:
 + Level 4.3 Fighting
 * Level 6.9 Axes
 + Level 4.1 Armour
 + Level 3.9 Shields


You had 5 spell levels left.
You didn't know any spells.
Your spell library contained the following spells:

 Spells                   Type           Power      Damage    Failure   Level
 Gell's Gravitas          Tloc           0%         N/A       99%         3
 Lesser Beckoning         Tloc           0%         N/A       99%         3
 Teleport Other           Tloc           0%         N/A       99%         3


Dungeon Overview and Level Annotations

Branches:
Dungeon (4/15)
 Temple: D:4-7

Altars:
Uskayaw
Wu Jian


Message History

You hear some strange, mumbled words.
You are confused.
The gnoll closely misses you.
You hear some strange, mumbled words.
Something tries to affect you, but you resist.
The gnoll hits you with a +0 spear.
Things that are here:
a +0 club; an orc corpse You barely miss the gnoll.
You hit something.
You hear some strange, mumbled words.
You are more confused.
The gnoll hits you but does no damage. Something hits you but does no damage.
The gnoll hits you but does no damage.
You hear some strange, mumbled words.
A magic dart appears from out of thin air!
The magic dart hits you. The gnoll barely misses you.
Things that are here:
a +0 spear; a gnoll corpse You barely miss the gnoll.
You closely miss something.
You hear some strange, mumbled words.
Something tries to affect you, but you resist.
The gnoll hits you with a +0 spear.
* * * LOW HITPOINT WARNING * * *
You feel very mighty all of a sudden. Something hits you.
* * * LOW HITPOINT WARNING * * *
The gnoll hits you with a +0 spear.
* * * LOW HITPOINT WARNING * * *
You miss the gnoll. You miss something. Something hits you but does no damage.
The gnoll hits you with a +0 spear.
* * * LOW HITPOINT WARNING * * *
You miss something. You barely miss the gnoll.
Something hits you but does no damage. The gnoll hits you with a +0 spear.
* * * LOW HITPOINT WARNING * * *
You're too confused to move!
Something hits you but does no damage. The gnoll misses you.
You hear some strange, mumbled words.
A magic dart appears from out of thin air!
The magic dart hits you.
You die...

##.# ## .#.# #...######
...# ........## .###
###### ........### .#
......##._........ .#
#................. .#
#. #......8...... .#
#.###....)........ .#
#..##..#)@).._.# .# #
##.##..#.{g....#
.###.###...#..##).....#
.....##.#.#...##......#
......).......#######.#
.######.#.#.### .#
########....# #
........#.#.#
#######.#.#.#


You could see a gnoll.

Vanquished Creatures
  A hound (D:4)
  An orc priest (D:4)
  Ijyb (D:3)
  6 gnolls
  4 adders
  A worm (D:3)
  5 dart slugs
  3 orcs (D:4)
  10 ball pythons
  5 bats
  4 endoplasms
  7 goblins
  9 hobgoblins
  7 jackals
  5 quokkas
  3 frilled lizards
  6 kobolds
  5 rats
83 creatures vanquished.

Notes
Turn   | Place    | Note
-------+----------+-------------------------------------------
     0 | D:1      | leavemydog the Hill Orc Fighter began the quest for the
                  | Orb.
     0 | D:1      | Reached XP level 1. HP: 19/19 MP: 1/1
   362 | D:1      | Reached XP level 2. HP: 24/27 MP: 2/2
   409 | D:1      | Reached skill level 3 in Axes
   888 | D:1      | Found a faded altar of an unknown god.
  1269 | D:1      | Reached XP level 3. HP: 30/33 MP: 3/3
  1785 | D:2      | Reached skill level 4 in Axes
  2258 | D:2      | Reached XP level 4. HP: 20/40 MP: 4/4
  2639 | D:3      | Reached skill level 5 in Axes
  2899 | D:3      | Reached XP level 5. HP: 46/46 MP: 5/5
  2966 | D:3      | Noticed Ijyb
  2980 | D:3      | Killed Ijyb
  3100 | D:3      | Reached skill level 6 in Axes
  3431 | D:4      | Found an ornate altar of the Wu Jian Council.
  3433 | D:4      | Found a hide-covered altar of Uskayaw.
  3440 | D:4      | Reached XP level 6. HP: 49/53 MP: 6/6
  3465 | D:4      | Killed from afar by an orc wizard

Illustrated notes

Levels and vault maps discovered:
D:1:      dpeg_arrival_pits, layout_basic, ebering_ecumenical_altar_webs
D:2:      minmay_diamond_boxcup, layout_basic
D:3:      layout_rooms, uniq_ijyb
D:4:      layout_loops_ring, grunt_temple_overflow_open

Skill      XL: |  1  2  3  4  5 |
---------------+----------------+-----
Axes           | 3 4 5 6 |  6.9
Fighting       | 4 |  4.3
Armour         | 4 |  4.1
Shields        | |  3.9

Action                   |  1- 3 |  4- 6 || total
-------------------------+-------+-------++-------
Melee: War axe           |   115 |   143 ||   258
  Use: Scroll            |       |     3 ||     3
       Potion            |       |     2 ||     2
Armor: Scale mail        |    62 |    71 ||   133
Dodge: Dodged            |    73 |   104 ||   177
Block: Buckler           |    27 |    41 ||    68

Table legend: (Time is in decaauts)
 A = Elapsed time spent in this place.
 B = Non-inter-level travel time spent in this place.
 C = Inter-level travel time spent in this place.
 D = Time resting spent in this place.
 E = Time spent auto-exploring this place.
 F = Levels seen in this place.
 G = Mean time per level.
                   A        B        C        D        E       F      G
               +--------+--------+--------+--------+--------+-----+--------+
         Total |   3545 |   3468 |     77 |    500 |   2390 |   4 |  886.2 |
       Dungeon |   3545 |   3468 |     77 |    500 |   2390 |   4 |  886.2 |
               +--------+--------+--------+--------+--------+-----+--------+

Top non-repeatable levels by time:
     D:1: 1374 daAuts
     D:2: 1165 daAuts
     D:3: 710 daAuts
     D:4: 294 daAuts
